 Dungeon Crawl Stone Soup version 0.18.1-48-g4cf74bf (webtiles) character file.

19209 Doomgape the Carver (level 12, 0/101 HPs)
             Began as a Demigod Fighter on Aug 8, 2016.
             Slain by a river rat (4 damage)
             ... on level 1 of the Lair of Beasts.
             The game lasted 00:51:09 (11343 turns).

Doomgape the Carver (Demigod Fighter)              Turns: 11343, Time: 00:51:09

Health: 0/101      AC: 16    Str: 27    XL:     12   Next: 7%
Magic:  0/15       EV:  5    Int: 12    God:
Gold:   433        SH: 10    Dex: 17    Spells: 0 memorised, 11 levels left

rFire  . . .     SeeInvis .     d - +3 long sword
rCold  . . .     Gourm    .     x - +0 plate armour
rNeg   + . .     Faith    .     c - +0 shield
rPois  .         Spirit   +     E - +0 hat {Spirit}
rElec  .         Dismiss  .     J - +0 cloak {MR+}
rCorr  .         Reflect  .     (no gloves)
SustAt +         Harm     .     (no boots)
MR     ++...                    h - amulet of regeneration
Stlth  ..........               b - +4 ring of dexterity
                                D - ring of positive energy

@: very resistant to hostile enchantments, extremely unstealthy
A: hooves 1, clumsy 1, high mp 1, screaming 1, sustain attributes, MP-powered
wands
a: no special abilities


You were on level 1 of the Lair of Beasts.
You were not hungry.

You visited 2 branches of the dungeon, and saw 12 of its levels.
You also visited: Ossuary.

You collected 817 gold pieces.
You spent 384 gold pieces at shops.

Inventory:

Hand Weapons
 d - a +3 long sword (weapon)
 m - a +2 arbalest of freezing
Missiles
 y - 84 bolts
Armour
 c - a +0 shield (worn)
 x - a +0 plate armour (worn)
 E - a +0 hat of spirit shield (worn)
 J - a +0 cloak of magic resistance (worn)
Jewellery
 b - a +4 ring of dexterity (right hand)
 h - an amulet of regeneration (around neck)
 j - an uncursed ring of ice
 D - a ring of positive energy (left hand)
Wands
 p - a wand of teleportation (2/9)
 t - a wand of disintegration (5/24)
 u - a wand of paralysis (0/24)
Scrolls
 a - 5 scrolls of remove curse
 e - a scroll of fog
 g - 2 scrolls of blinking
 n - 2 scrolls of teleportation
 r - 2 scrolls of recharging
 s - 5 scrolls of identify
 C - a scroll of magic mapping
Potions
 l - 2 potions of curing
 z - 2 potions of haste
 A - a potion of flight
Books
 k - a book of Minor Magic

   Spells                             Type                      Level
   a - Magic Dart                     Conjuration                  1
   b - Blink                          Translocation                2
   c - Call Imp                       Summoning                    2
   d - Repel Missiles                 Charms/Air                   2
   e - Slow                           Hexes                        2
   f - Conjure Flame                  Conjuration/Fire             3
   g - Mephitic Cloud                 Conjuration/Poison/Air       3
 o - an Akashic Record

   Spells                             Type                      Level
   a - Dispersal                      Translocation                6
   b - Malign Gateway                 Summoning/Translocation      7
   c - Disjunction                    Translocation                8
   d - Controlled Blink               Translocation                8
 H - a book of the Sky

   Spells                             Type                      Level
   a - Summon Lightning Spire         Summoning/Air                4
   b - Airstrike                      Air                          4
   c - Silence                        Hexes/Air                    5
   d - Deflect Missiles               Charms/Air                   6
   e - Conjure Ball Lightning         Conjuration/Air              6
   f - Tornado                        Air                          9
Comestibles
 f - 8 bread rations
 i - 7 meat rations
 q - 3 chunks of flesh


   Skills:
 - Level 8.1 Fighting
 + Level 13.6 Long Blades
 - Level 10.6 Armour
 - Level 2.6 Shields


You had 11 spell levels left.
You didn't know any spells.

Dungeon Overview and Level Annotations

Branches:
Dungeon (11/15)            Temple (0/1) D:6            Lair (1/8) D:9
    Orc (0/2) D:10

Shops:
D:9 [[[?!


Innate Abilities, Weirdness & Mutations

You have an increased reservoir of magic (+10% MP).
Your attributes are resistant to harm.
You have large cloven feet.
You are clumsy. (Dex -2)
You occasionally shout uncontrollably at your foes.
You expend magic power (3 MP) to strengthen your wands.


Message History

You kill the yak!
The yak gores you but does no damage.
The river rat bites you but does no damage.
You barely miss the yak. Your kick misses the yak. You block the yak's attack.
The river rat barely misses you.
You slash the yak! You kick the yak, but do no damage.
The yak is moderately wounded.
The yak gores you.
* * * LOW HITPOINT WARNING * * *
The yak gores you but does no damage.
You slash the yak! You kick the yak, but do no damage.
The yak is heavily wounded.
The river rat bites you but does no damage.
The yak gores you.
* * * LOW HITPOINT WARNING * * *
The yak barely misses you.
You hit the yak. You kick the yak, but do no damage.
The yak is severely wounded.
The river rat bites you.
You die...

........#....#####PP#†.....#.....
.......#......## #####.....#.....
.............#.#####.#.....#.####
.................................
................†................
.................................
............YY.Y..........#...###
...#..##....#####YP###....#######
..#.....#...P...@Y...#.....#.....
........#...+...r....#....P#.....
..#....Y#Y..#........#....##.....
.Y#.........#........# ...##.....
..#.....#...#.....[..# .#.....
..#.....#............). #......
.Y#.....+...#........... .+.....
...##..##...#####P.###.. #.####+
... ......... .#)####.


You could see 2 yaks and a river rat.

Vanquished Creatures
  Gastronok (Lair:1)
  Fannar (Lair:1)
  A death yak (D:9)
  An unseen horror (D:11)
  3 hill giants
  An ugly thing (D:11)
  A cyclops (D:11)
  An elephant (D:9)
  A spiny frog (Lair:1)
  A black mamba (Lair:1)
  2 trolls
  A two-headed ogre (D:11)
  3 slime creatures (D:9)
  Sigmund (D:7)
  A wraith (D:10)
  8 spriggans
  15 yaks
  A shadow (D:11)
  2 wyverns (D:10)
  Grum (Lair:1)
  2 hippogriffs
  2 hungry ghosts
  2 water moccasins
  2 porcupines (Lair:1)
  A wasp (D:10)
  5 orc warriors
  A black bear (D:9)
  4 phantoms
  4 sky beasts
  2 ice beasts
  A centaur (D:6)
  5 ogres
  4 wolves (Lair:1)
  2 crocodiles
  6 giant frogs
  5 scorpions
  9 killer bees
  3 wights (D:5)
  8 crimson imps
  2 centaur zombies
  A giant frog zombie (D:9)
  5 giant frog skeletons
  A quasit (D:10)
  Crazy Yiuf (D:5)
  2 centaur skeletons
  9 hounds
  7 jellies
  6 orc priests
  8 orc wizards
  3 iguanas
  11 worker ants
  7 sheep
  A killer bee zombie (D:10)
  2 big kobold zombies (Ossuary)
  5 mummies (Ossuary)
  A worker ant zombie (D:6)
  A howler monkey zombie (D:8)
  8 adders
  A howler monkey skeleton (D:6)
  5 shadow imps
  3 oozes (D:3)
  2 adder skeletons
  An adder zombie (D:8)
  3 worms
  2 dart slugs (D:1)
  7 giant geckos
  49 orcs
  7 bats
  5 giant cockroaches
  4 gnoll zombies (Ossuary)
  7 goblins
  7 hobgoblins
  11 jackals
  3 quokkas
  2 ball pythons (D:2)
  A giant gecko skeleton (D:7)
  3 giant newts
  A hobgoblin zombie (Ossuary)
  3 kobolds
  A kobold zombie (Ossuary)
  A quokka skeleton (D:8)
  4 rats
329 creatures vanquished.

Vanquished Creatures (others)
  A fungus (Lair:1)
  A plant (Lair:1)
2 creatures vanquished.

Grand Total: 331 creatures vanquished

Notes
Turn   | Place    | Note
--------------------------------------------------------------
     0 | D:1      | Doomgape the Demigod Fighter began the quest for the Orb.
     0 | D:1      | Reached XP level 1. HP: 18/18 MP: 3/3
    19 | D:1      | Reached skill level 2 in Long Blades
   182 | D:1      | Reached XP level 2. HP: 21/25 MP: 4/4
   487 | D:1      | Reached skill level 3 in Long Blades
   748 | D:2      | Found a shattered altar of Ashenzari.
   843 | D:2      | Reached XP level 3. HP: 21/30 MP: 5/5
   995 | D:2      | Found a shimmering altar of Xom.
   996 | D:2      | Found a shimmering altar of Xom.
   996 | D:2      | Found a shimmering altar of Xom.
   998 | D:2      | Found a shimmering altar of Xom.
   999 | D:2      | Found a shimmering altar of Xom.
  1135 | D:3      | Reached skill level 4 in Long Blades
  1254 | D:3      | Reached XP level 4. HP: 33/37 MP: 6/6
  1431 | D:3      | Reached skill level 5 in Long Blades
  1431 | D:3      | Reached XP level 5. HP: 24/42 MP: 7/7
  1483 | D:3      | Found a sparkling altar of Nemelex Xobeh.
  2039 | D:4      | Reached skill level 6 in Long Blades
  2160 | D:4      | Reached XP level 6. HP: 41/50 MP: 8/8
  2387 | D:4      | Found an opulent altar of Gozag.
  2623 | D:5      | Entered Level 5 of the Dungeon
  2743 | D:5      | Found a deep blue altar of Sif Muna.
  2849 | D:5      | Reached skill level 7 in Long Blades
  2876 | D:5      | Reached XP level 7. HP: 39/56 MP: 9/9
  3115 | D:5      | Noticed Crazy Yiuf
  3121 | D:5      | Killed Crazy Yiuf
  3173 | D:5      | Found a stormy altar of Qazlal.
  3445 | D:6      | Reached skill level 8 in Long Blades
  3449 | D:6      | Found a staircase to the Ecumenical Temple.
  3521 | D:6      | Noticed a spriggan
  3522 | D:6      | Noticed a spriggan
  3525 | D:6      | Gained mutation: You evolve. [potion of mutation]
  3525 | D:6      | Gained mutation: You are partially covered in yellow scales (AC +2). [potion of mutation]
  3537 | D:6      | Noticed a spriggan
  3544 | D:6      | Killed a spriggan
  3555 | D:6      | Killed a spriggan
  3555 | D:6      | Reached skill level 9 in Long Blades
  3561 | D:6      | Killed a spriggan
  3561 | D:6      | Reached XP level 8. HP: 35/62 MP: 10/10
  3702 | D:6      | Reached skill level 10 in Long Blades
  4262 | D:6      | Reached skill level 11 in Long Blades
  4407 | D:6      | Reached XP level 9. HP: 68/68 MP: 11/11
  4417 | D:6      | Lost mutation: You evolve. [potion of cure mutation]
  4417 | D:6      | Lost mutation: You are partially covered in yellow scales (AC +2). [potion of cure mutation]
  4418 | D:6      | Gained mutation: You occasionally shout uncontrollably at your foes. [potion of mutation]
  4418 | D:6      | Gained mutation: You regenerate slowly when monsters are visible. [potion of mutation]
  4746 | D:6      | Reached skill level 12 in Long Blades
  5011 | D:7      | Noticed Sigmund
  5029 | D:7      | Killed Sigmund
  5029 | D:7      | Reached skill level 5 in Armour
  5116 | D:7      | Found a sand-covered staircase.
  5136 | Ossuary  | Entered an ossuary
  5380 | Ossuary  | Gained mutation: You expend magic power (3 MP) to strengthen your wands. [potion of mutation]
  5380 | Ossuary  | Gained mutation: You are partially covered in thin metallic scales (AC +2). [potion of mutation]
  5380 | Ossuary  | Gained mutation: You have large cloven feet. [potion of mutation]
  5381 | Ossuary  | Gained mutation: Your mind is acute. (Int +2) [potion of mutation]
  5381 | Ossuary  | Lost mutation: You are partially covered in thin metallic scales (AC +2). [potion of mutation]
  5382 | Ossuary  | Lost mutation: You regenerate slowly when monsters are visible. [potion of mutation]
  5382 | Ossuary  | Gained mutation: You are clumsy. (Dex -2) [potion of mutation]
  5382 | Ossuary  | Lost mutation: Your mind is acute. (Int +2) [potion of mutation]
  6685 | D:8      | Reached XP level 10. HP: 74/74 MP: 3/13
  7191 | D:9      | Got an opalescent robe
  7202 | D:9      | Identified the +2 robe of the Iron City of Dis {Dex+3} (You found it on level 9 of the Dungeon)
  7219 | D:9      | Found a glowing golden altar of the Shining One.
  7263 | D:9      | Found Qourph's Armour Boutique.
  7331 | D:9      | Found an ancient bone altar of Kikubaaqudgha.
  7355 | D:9      | Found Mili's Antique Armour Boutique.
  7673 | D:9      | Found Plog's Armour Boutique.
  7676 | D:9      | Bought a +0 cloak of magic resistance for 172 gold pieces
  7708 | D:9      | Found a staircase to the Lair.
  7708 | D:9      | Noticed an elephant
  7709 | D:9      | Noticed a death yak
  7730 | D:9      | Killed an elephant
  7798 | D:9      | Found Ligog's Distillery.
  7839 | D:9      | Killed a death yak
  7845 | D:9      | Bought a potion of curing for 36 gold pieces
  7845 | D:9      | Bought a potion of curing for 36 gold pieces
  7845 | D:9      | Bought a potion of curing for 36 gold pieces
  7845 | D:9      | Bought a potion of might for 48 gold pieces
  7864 | D:9      | Found a bloodstained altar of Trog.
  7875 | D:9      | Found Dock's Magic Scroll Emporium.
  7882 | D:9      | Bought a scroll of identify for 28 gold pieces
  7882 | D:9      | Bought a scroll of identify for 28 gold pieces
  8151 | D:10     | Entered Level 10 of the Dungeon
  8204 | D:10     | Reached skill level 10 in Armour
  8263 | D:10     | Noticed a hill giant
  8276 | D:10     | Killed a hill giant
  8410 | D:10     | Got a fine hand axe
  8411 | D:10     | Identified the +2 hand axe of Conigar {chop, Fragile +Blink rC+ Dex+6} (You found it on level 10 of the Dungeon)
  8595 | D:10     | Found a staircase to the Orcish Mines.
  8626 | D:10     | Got a smoking leather armour
  8627 | D:10     | Identified the +4 leather armour of Yheti {*Contam *Drain rPois Str+9} (You found it on level 10 of the Dungeon)
  8855 | D:11     | Noticed a hill giant
  8940 | D:11     | Noticed a cyan ugly thing
  9060 | D:10     | Reached XP level 11. HP: 82/83 MP: 14/14
  9102 | D:11     | Noticed a hill giant
  9187 | D:10     | Reached skill level 5 in Fighting
  9524 | D:11     | Killed a hill giant
  9968 | D:11     | Killed a hill giant
 10324 | D:11     | Killed an unseen horror
 10542 | Lair:1   | Entered Level 1 of the Lair of Beasts
 10683 | Lair:1   | Noticed Gastronok
 10701 | Lair:1   | HP: 1/94 [Gastronok (21)]
 10707 | Lair:1   | Killed Gastronok
 10707 | Lair:1   | Reached skill level 13 in Long Blades
 10882 | Lair:1   | Noticed Fannar
 10907 | Lair:1   | Killed Fannar
 11121 | Lair:1   | Noticed Grum
 11158 | Lair:1   | Reached XP level 12. HP: 33/101 MP: 5/15
 11175 | Lair:1   | Killed Grum
 11342 | Lair:1   | HP: 4/101 [yak (5)]
 11343 | Lair:1   | Slain by a river rat

Skill      XL: |  1  2  3  4  5  6  7  8  9 10 11 |
---------------+----------------------------------+-----
Long Blades    | 2 3 4 5 6 7 9 11 12 13 | 13.6
Armour         | 7 10 | 10.6
Fighting       | 3 8 |  8.1
Shields        | |  2.6

Action                   |  1- 3 |  4- 6 |  7- 9 | 10-12 || total
-------------------------+-------+-------+-------+-------++-------
Melee: Long sword        |   117 |   150 |   539 |   847 ||  1653
       Kick              |       |       |    40 |   392 ||   432
 Fire: Arbalest          |       |       |     2 |       ||     2
Evoke: Wand              |       |       |       |     4 ||     4
  Use: Potion            |       |     1 |    14 |    11 ||    26
       Scroll            |       |     9 |     3 |     4 ||    16
 Stab: Paralysed         |       |       |       |     3 ||     3
  Eat: Chunk             |     1 |     4 |    12 |    17 ||    34
       Fruit             |       |     2 |     4 |       ||     6
       Bread ration      |       |       |     2 |       ||     2
       Beef jerky        |       |       |     1 |     1 ||     2
Armor: Scale mail        |    59 |    57 |    49 |       ||   165
       Plate armour      |       |       |   154 |   545 ||   699
Dodge: Dodged            |    36 |    42 |    76 |   182 ||   336
Block: Shield            |    52 |    67 |   166 |   414 ||   699
